 Dungeon Crawl Stone Soup version 0.30-a0-2-gf48d83f5e2 (webtiles) character file.

Game seed: 14529972153489660656

4432 Armakuni the Cruncher (level 10, -2/71 HPs)
             Began as a Human Wanderer on Aug 20, 2022.
             Was a Priest of Vehumet.
             Slain by Snorg (4 damage)
             ... on level 10 of the Dungeon.
             The game lasted 00:18:21 (8905 turns).

Armakuni the Cruncher (Human Wanderer)              Turns: 8905, Time: 00:18:22

Health: -2/71      AC: 13    Str: 12    XL:     10   Next: 62%
Magic:  11/14      EV: 12    Int: 32    God:    Vehumet [***...]
Gold:   313        SH:  0    Dex: 16    Spells: 5/14 levels left

rFire   + . .      SeeInvis .    a - +10 quarterstaff "Ontos" {drain, *Slow rCorr Int+6 Dex-3}
rCold   . . .      Faith    +    (shield currently unavailable)
rNeg    + . .      Spirit   .    k - +3 leather armour
rPois   .          Reflect  .    w - +1 helmet
rElec   .          Harm     .    y - +0 cloak
rCorr   +          Rampage  .    e - +2 pair of gloves of Catoyleink {rF+ rN+ rCorr Int+3}
Will    .....                    x - +0 pair of boots
Stlth   +.........               U - amulet of faith
HPRegen 0.21/turn                D - +6 ring of dexterity
MPRegen 0.14/turn                I - +6 ring of intelligence

@: no status effects
A: no striking features
a: Renounce Religion


You were on level 10 of the Dungeon.
You worshipped Vehumet.
Vehumet was most pleased with you.
You visited 1 branch of the dungeon, and saw 10 of its levels.
You also visited: Ossuary.

You collected 620 gold pieces.
You spent 307 gold pieces at shops.

Inventory:

Hand Weapons
 a - the +10 quarterstaff "Ontos" (weapon) {drain, *Slow rCorr Int+6 Dex-3}
   (You bought it in a shop on level 5 of the Dungeon)

   A truly terrible weapon, it drains the life of any living foe it strikes.
   Int:       It affects your intelligence (+6).
   Dex:       It affects your dexterity (-3).
   rCorr:     It protects you from acid and corrosion.
   *Slow:     It may slow you when you take damage.
 b - a +2 spectral quarterstaff
 s - a +0 lajatang
Armour
 e - the +2 pair of gloves of Catoyleink (worn) {rF+ rN+ rCorr Int+3}
   (You found it on level 3 of the Dungeon)

   Int:       It affects your intelligence (+3).
   rF:        It protects you from fire.
   rN:        It protects you from negative energy.
   rCorr:     It protects you from acid and corrosion.
 k - a +3 leather armour (worn)
 w - a +1 helmet (worn)
 x - a +0 pair of boots (worn)
 y - a +0 cloak (worn)
Jewellery
 C - a ring of protection from cold
 D - a +6 ring of dexterity (left hand)
 F - an amulet of magic regeneration
 I - a +6 ring of intelligence (right hand)
 U - an amulet of faith (around neck)
Wands
 o - a wand of flame (16)
 E - a wand of light (6)
 G - a wand of roots (5)
Scrolls
 d - 2 scrolls of fog
 g - 3 scrolls of fear
 j - 2 scrolls of summoning
 l - 3 scrolls of vulnerability
 m - 3 scrolls of enchant armour
 q - a scroll of poison
 v - 2 scrolls of teleportation
 z - a scroll of blinking
Potions
 c - 9 potions of curing
 f - 3 potions of flight
 h - a potion of berserk rage
 i - a potion of attraction
 n - 3 potions of heal wounds
 p - 3 potions of mutation
 r - 4 potions of haste
 t - a potion of brilliance {unknown}
 u - a potion of magic {unknown}
 A - 2 potions of resistance
 B - 2 potions of ambrosia
 H - 2 potions of cancellation


   Skills:
 - Level 4.0 Fighting
 + Level 13.4 Staves
 - Level 1.0 Armour
 - Level 3.0 Dodging
 - Level 2.8 Spellcasting
 - Level 4.2 Hexes


You had 5 spell levels left.
You knew the following spells:

 Your Spells              Type           Power      Damage    Failure   Level
a - Slow                  Hex            100%       N/A       1%          1
b - Scorch                Fire           8%         2d5       3%          2
m - Mephitic Cloud        Conj/Pois/Air  4%         N/A       7%          3
t - Tukima's Dance        Hex            31%        N/A       4%          3

Your spell library contained the following spells:

 Spells                   Type           Power      Damage    Failure   Level
 Freeze                   Ice            16%        1d4       2%          1
 Sandblast                Erth           8%         2d5       2%          1
 Frozen Ramparts          Ice            8%         1d2       7%          3
 Stone Arrow              Conj/Erth      8%         3d7       7%          3
 Summon Guardian Golem    Hex/Summ       18%        N/A       10%         3
 Passwall                 Tmut/Erth      3%         N/A       12%         2
 Hailstorm                Conj/Ice       4%         3d4       21%         4
 Gell's Gravitas          Tloc           4%         N/A       24%         3
 Teleport Other           Tloc           4%         N/A       24%         3
 Dispersal                Tloc           2%         N/A       100%        6
 Orb of Destruction       Conj           2%         9d5       100%        7
 Spellforged Servitor     Conj/Summ      2%         N/A       100%        7


Dungeon Overview and Level Annotations

Branches:
Dungeon (10/15)            Temple (0/1) D:4         Ossuary (visited)
   Lair: D:8-11         Orc: D:9-12

Altars:
Cheibriados
Gozag
Hepliaklqana
Makhleb
Okawaru
Qazlal
Vehumet
Xom

Shops:
D:5 ((*?   D:8 *   D:9 (

Annotations:
D:10 Snorg


Message History

Snorg is lightly wounded.
You closely miss Snorg.
Snorg is lightly wounded.
Snorg closely misses you. Snorg claws you. Snorg claws you but does no damage.
You closely miss Snorg.
Snorg is lightly wounded.
You sock Snorg! You drain Snorg.
Snorg is moderately wounded.
Snorg bites you but does no damage. Snorg claws you. x2
You barely miss Snorg.
Snorg is moderately wounded.
Snorg goes berserk!
You sock Snorg!
Snorg is moderately wounded.
Snorg completely misses you. Snorg claws you but does no damage.
Snorg claws you!
You sock Snorg!
Snorg is moderately wounded.
You hit Snorg.
Snorg is heavily wounded.
Snorg closely misses you. Snorg claws you! Snorg completely misses you.
You sock Snorg! You drain Snorg.
Snorg is heavily wounded.
Snorg bites you but does no damage. Snorg claws you! Snorg claws you.
* * * LOW HITPOINT WARNING * * *
You closely miss Snorg.
Snorg is heavily wounded.
Snorg barely misses you. Snorg claws you!
* * * LOW HITPOINT WARNING * * *
Snorg claws you.
* * * LOW HITPOINT WARNING * * *
You barely miss Snorg.
Snorg is heavily wounded.
Snorg barely misses you. Snorg claws you.
* * * LOW HITPOINT WARNING * * *
Snorg claws you but does no damage.
You sock Snorg! You drain Snorg.
Snorg is severely wounded.
Snorg closely misses you. Snorg claws you.
You die...

### #.. #.#
#.#
#.#####.###
#....<...@#
#########T#
..# ....
#.#...
#.##### ..
##


You could see Snorg (berserk, drained).

Vanquished Creatures
  5 hornets
  Grinder (D:4)
  A wyvern (D:7)
  Eustachio (D:6)
  Edmund (D:4)
  A water moccasin (D:8)
  An acid dragon (D:9)
  2 orc warriors
  2 sky beasts (D:7)
  An ice beast (D:7)
  2 centaurs
  2 phantoms (D:5)
  A kobold brigand (D:6)
  5 bullfrogs
  A necrophage (D:6)
  4 scorpions
  3 wights (D:8)
  2 howler monkeys (D:9)
  A centaur zombie (Ossuary)
  A jelly (D:5)
  5 hounds
  4 orc priests
  Crazy Yiuf (D:6)
  4 iguanas
  8 orc wizards
  6 mummies
  2 gnolls (D:3)
  8 adders
  3 shadow imps
  A white imp (D:6)
  A worm (D:3)
  3 dart slugs
  19 orcs
  9 ball pythons
  6 endoplasms
  4 giant cockroaches
  9 hobgoblins
  8 jackals
  A quokka (D:1)
  8 bats
  2 frilled lizards (D:1)
  8 goblins
  7 hobgoblin zombies (Ossuary)
  7 kobolds
  3 rats
175 creatures vanquished.

Vanquished Creatures (others)
  2 dancing weapons
  An endoplasm (D:4)
  2 fungi (D:3)
  4 toadstools (D:3)
9 creatures vanquished.

Grand Total: 184 creatures vanquished

Notes
Turn   | Place    | Note
-------+----------+-------------------------------------------
     0 | D:1      | Armakuni the Human Wanderer began the quest for the Orb.
     0 | D:1      | Armakuni set off with the following items: a +0 vorpal
                  | quarterstaff, a +0 helmet, a potion of curing, a +0 robe;
                  | and the following spell memorised: Slow; and the following
                  | spells available to memorise: Tukima's Dance.
     0 | D:1      | Reached XP level 1. HP: 15/15 MP: 2/2
   100 | D:1      | Reached XP level 2. HP: 18/21 MP: 3/3
   615 | D:1      | Reached XP level 3. HP: 24/26 MP: 4/4
  1087 | D:2      | Reached skill level 3 in Staves
  1186 | D:2      | Reached XP level 4. HP: 31/32 MP: 5/5
  1552 | D:2      | You fall into a shaft and drop 1 floor!
  1552 | D:3      | Found a radiant altar of Vehumet.
  1555 | D:3      | Became a worshipper of Vehumet
  1579 | D:2      | Reached XP level 5. HP: 37/37 MP: 6/6
  1851 | D:3      | Learned a level 3 spell: Tukima's Dance
  2025 | D:3      | Reached skill level 4 in Staves
  2322 | D:3      | Reached XP level 6. HP: 30/43 MP: 5/7
  2454 | D:3      | Identified the +3 pair of boots "Mejuimug" {*Slow +Blink
                  | SInv Stlth+}
  2490 | D:3      | Identified the +2 pair of gloves of Catoyleink {rF+ rN+
                  | rCorr Int+3}
  2893 | D:4      | Noticed Grinder
  2903 | D:4      | Killed Grinder
  2903 | D:4      | Reached * piety under Vehumet
  2903 | D:4      | Offered knowledge of Sandblast by Vehumet.
  2904 | D:4      | Reached skill level 5 in Staves
  2904 | D:4      | Reached XP level 7. HP: 44/48 MP: 8/11
  3240 | D:4      | Noticed Edmund
  3255 | D:4      | Killed Edmund
  3481 | D:4      | Found a staircase to the Ecumenical Temple.
  3673 | D:4      | Reached skill level 6 in Staves
  3732 | D:4      | Reached XP level 8. HP: 58/58 MP: 12/12
  3920 | D:5      | Entered Level 5 of the Dungeon
  3944 | D:5      | Found a sand-covered staircase.
  3955 | Ossuary  | Entered an ossuary
  3976 | Ossuary  | Offered knowledge of Scorch by Vehumet.
  3986 | Ossuary  | Learned a level 2 spell: Scorch
  3993 | Ossuary  | Reached ** piety under Vehumet
  4212 | D:5      | Found Bosadwe's Antique Weapon Shoppe.
  4224 | D:5      | Bought a scorched quarterstaff for 189 gold pieces
  4224 | D:5      | Identified the +10 quarterstaff "Ontos" {drain, *Slow rCorr
                  | Int+6 Dex-3} (You bought it in a shop on level 5 of the
                  | Dungeon)
  4259 | D:5      | Identified the +2 dagger "Ogre's Demise" {drain, rN++}
  4269 | D:5      | Found Peuwir's Weapon Emporium.
  4297 | D:5      | Found Vulych's General Store.
  4300 | D:5      | Bought a scroll of identify for 28 gold pieces
  4325 | D:5      | Found Usuekk's Magic Scroll Shop.
  4328 | D:5      | Bought a scroll of identify for 22 gold pieces
  4328 | D:5      | Bought a scroll of identify for 22 gold pieces
  4328 | D:5      | Bought a scroll of identify for 22 gold pieces
  4351 | D:5      | Reached skill level 7 in Staves
  4798 | D:6      | Noticed Eustachio
  4804 | D:6      | Killed Eustachio
  4805 | D:6      | Reached skill level 8 in Staves
  4979 | D:6      | Found a runed translucent door.
  4980 | D:6      | Noticed Crazy Yiuf
  4984 | D:6      | Killed Crazy Yiuf
  4985 | D:6      | Reached XP level 9. HP: 65/65 MP: 13/13
  5401 | D:6      | Offered knowledge of Inner Flame by Vehumet.
  5402 | D:6      | Reached skill level 9 in Staves
  5980 | D:7      | Reached skill level 10 in Staves
  6299 | D:7      | Found a snail-covered altar of Cheibriados.
  6305 | D:7      | Found an opulent altar of Gozag.
  6310 | D:7      | Found a stormy altar of Qazlal.
  6558 | D:7      | Reached *** piety under Vehumet
  6682 | D:8      | Noticed a hornet
  6688 | D:8      | Killed a hornet
  6689 | D:8      | Reached skill level 11 in Staves
  6769 | D:8      | Reached XP level 10. HP: 46/71 MP: 11/14
  7035 | D:8      | Reached skill level 12 in Staves
  7139 | D:8      | Offered knowledge of Mephitic Cloud by Vehumet.
  7145 | D:8      | Learned a level 3 spell: Mephitic Cloud
  7151 | D:8      | Found a shimmering altar of Xom.
  7152 | D:8      | Found a hazy altar of Hepliaklqana.
  7153 | D:8      | Noticed a spectral ugly thing
  7332 | D:8      | Found an iron altar of Okawaru.
  7333 | D:8      | Found a burning altar of Makhleb.
  7338 | D:8      | Found Rydo's Assorted Antiques.
  7347 | D:8      | Bought a smoky red potion for 24 gold pieces
  7825 | D:9      | Found Ehih's Weapon Shop.
  8001 | D:9      | Reached skill level 13 in Staves
  8313 | D:9      | Reached **** piety under Vehumet
  8884 | D:10     | Entered Level 10 of the Dungeon
  8889 | D:10     | Noticed Snorg
  8904 | D:10     | HP: 2/71 [Snorg (6)]
  8905 | D:10     | Slain by Snorg

Illustrated notes

Levels and vault maps discovered:
D:1:      ebering_hopf_link, layout_loops_ring
D:2:      layout_rooms, minivault_14, columned_hall_lemuel,
          kennysheep_nondescript, grunt_ministairs_9
D:3:      layout_basic, mainiacjoe_overflow_paths, dk_noncrumbling_2,
          minmay_misc_feat_x, minmay_gold_behind_fungi
D:4:      layout_basic, lemuel_temple_firewalk_b, minmay_quantized,
          uniq_grinder, uniq_edmund
D:5:      layout_cave_pools, gup_ossuary_entry_pyramid, serial_shops,
          nicolae_shop_behind_doors, kennysheep_mini, nicolae_lakefront_shop,
          nicolae_shop_bloodbath_and_beyond, palyth_stone_intersect
D:6:      layout_loops_cross, uniq_eustachio, uniq_crazy_yiuf_cottage
D:7:      layout_basic, minmay_overflow_temple_star_quad, grunt_ministairs_4,
          kennysheep_generic_room_3
D:8:      layout_basic, regret_index_temple_of_mockery,
          mainiacjoe_overflow_divided_tiny, nicolae_overflow_hidden_temple,
          serial_shops, shop
D:9:      layout_stronghold, serial_shops, shop_statue
D:10:     layout_basic, david_orc_2, uniq_urug, uniq_snorg

Skill      XL: |  1  2  3  4  5  6  7  8  9 10 |
---------------+-------------------------------+-----
Staves         | 3 4 5 6 8 11 13 | 13.4
Hexes          | 3 4 |  4.2
Spellcasting   | 2 |  2.8
Fighting       | 3 4 |  4.0
Armour         | |  1.0
Dodging        | |  3.0

Action                   |  1- 3 |  4- 6 |  7- 9 | 10-12 || total
-------------------------+-------+-------+-------+-------++-------
Melee: Quarterstaff      |    87 |   124 |   226 |   104 ||   541
 Cast: Slow              |     3 |     9 |    26 |     5 ||    43
       Tukima's Dance    |       |       |     2 |       ||     2
  Use: Scroll            |     2 |     5 |    13 |     2 ||    22
 Stab: Sleeping          |     3 |     2 |     5 |       ||    10
       Distracted        |       |       |     1 |       ||     1
Armor: Robe              |    33 |    17 |       |       ||    50
       Leather armour    |       |     6 |    63 |    31 ||   100
Dodge: Dodged            |    69 |    84 |   118 |    49 ||   320

Table legend: (Time is in decaauts)
 A = Elapsed time spent in this place.
 B = Non-inter-level travel time spent in this place.
 C = Inter-level travel time spent in this place.
 D = Time resting spent in this place.
 E = Time spent auto-exploring this place.
 F = Levels seen in this place.
 G = Mean time per level.
                   A        B        C        D        E       F      G
               +--------+--------+--------+--------+--------+-----+--------+
         Total |   8880 |   8593 |    287 |    471 |   6481 |  11 |  807.3 |
       Dungeon |   8634 |   8347 |    287 |    363 |   6451 |  10 |  863.4 |
       Ossuary |    245 |    245 |      0 |    108 |     30 |   1 |  245.0 |
               +--------+--------+--------+--------+--------+-----+--------+

Top non-repeatable levels by time:
     D:9: 1358 daAuts
     D:4: 1158 daAuts
     D:1: 1057 daAuts
     D:7: 1044 daAuts
     D:3: 982 daAuts
     D:8: 864 daAuts
     D:6: 852 daAuts
     D:2: 748 daAuts
     D:5: 551 daAuts
 Ossuary: 245 daAuts
    D:10: 16 daAuts
